[Event "December 12 Late 2023"]
[Site "https://www.chess.com"]
[Date "2023.12.12"]
[Round "1"]
[White "Castellanos Hernandez, Emilio Au"]
[Black "Dobrikov, Marco"]
[Result "0-1"]
[Board "110"]
[TimeControl "180+1"]
[WhiteFideId "5114179"]
[BlackFideId "12950378"]
[WhiteElo "2286"]
[BlackElo "2630"]
[WhiteTeam "MEX"]
[BlackTeam "GER"]
[WhiteClock "0:01:02"]
[BlackClock "0:00:13"]

1. e4 e5 2. Nf3 Nf6 3. Nxe5 d6 4. Nf3 Nxe4 5. d4 d5 6. Bd3 Bd6 7. Nc3 Nxc3 8. bxc3 O-O 9. O-O c6 10. h3 Nd7 11. a4 a5 12. Ba3 Nb6 13. Bxd6 Qxd6 14. Re1 Be6 15. Ne5 Rfe8 16. Qd2 f6 17. Nf3 Bf7 18. Reb1 Qc7 19. Re1 Rxe1+ 20. Qxe1 Re8 21. Qd2 Bh5 22. Nh4 Bf7 23. Nf5 Bg6 24. Ne3 Be4 25. Qd1 g6 26. Qg4 Qc8 27. Qxc8 Nxc8 28. c4 Bxd3 29. cxd3 Nb6 30. Rb1 Nxa4 31. Rxb7 Nc3 32. Ra7 a4 33. cxd5 cxd5 34. Ra5 Rd8 35. Kf1 f5 36. g3 g5 37. Ke1 f4 38. gxf4 gxf4 39. Ng2 f3 40. Nh4 Re8+ 41. Kd2 Nb1+ 42. Kc2 Re2+ 43. Kxb1 Rxf2 44. Rxd5 a3 45. Rf5 Rf1+ 46. Ka2 f2 47. Kxa3 Rd1 48. Kb4 f1=Q 0-1

[Event "December 12 Late 2023"]
[Site "https://www.chess.com"]
[Date "2023.12.12"]
[Round "1"]
[White "Stankovic, Boris"]
[Black "Shapiro, Daniel"]
[Result "1-0"]
[Board "111"]
[TimeControl "180+1"]
[WhiteFideId "985317"]
[BlackFideId "2001780"]
[WhiteElo "2627"]
[BlackElo "2286"]
[WhiteTeam "SRB"]
[BlackTeam "USA"]
[WhiteClock "0:00:14"]
[BlackClock "0:00:00"]

1. e4 c5 2. Nf3 Nc6 3. d4 cxd4 4. Nxd4 Nf6 5. Nc3 d6 6. Be3 e6 7. f3 a6 8. Qd2 Qc7 9. O-O-O Be7 10. g4 h6 11. h4 Bd7 12. Kb1 b5 13. g5 hxg5 14. Bxb5 gxh4 15. Ba4 Ne5 16. Bb3 Rb8 17. f4 Nc4 18. Bxc4 Qxc4 19. e5 dxe5 20. fxe5 Bb4 21. Nde2 Nd5 22. Bd4 Bb5 23. Ka1 Qxe2 24. Qxe2 Bxe2 25. Nxe2 Be7 26. c4 Nb4 27. Kb1 Nc6 28. Bc3 g5 29. Rdg1 Kd7 30. Kc2 Kc7 31. a3 Rbg8 32. Rg4 h3 33. b4 Rh5 34. Ng1 Rgh8 35. Nf3 h2 36. Rg2 Rh3 37. Rgxh2 g4 38. Rxh3 Rxh3 39. Rxh3 gxh3 40. Kd3 1-0

[Event "December 12 Late 2023"]
[Site "https://www.chess.com"]
[Date "2023.12.12"]
[Round "1"]
[White "Sarkar, Justin"]
[Black "Vlassov, Nikolai"]
[Result "0-1"]
[Board "112"]
[TimeControl "180+1"]
[WhiteFideId "2010011"]
[BlackFideId "4103360"]
[WhiteElo "2282"]
[BlackElo "2623"]
[WhiteTeam "USA"]
[BlackTeam "FID"]
[WhiteClock "0:00:00"]
[BlackClock "0:01:23"]

1. Nf3 c5 2. e4 d6 3. d4 cxd4 4. Nxd4 Nf6 5. Nc3 a6 6. Bg5 e6 7. f4 Be7 8. Qf3 Qc7 9. O-O-O Nbd7 10. g4 b5 11. Bxf6 Bxf6 12. g5 Bxd4 13. Rxd4 Bb7 14. Bxb5 axb5 15. Nxb5 Qb6 16. Nxd6+ Ke7 17. Rhd1 Rxa2 18. Qc3 Ra1+ 19. Kd2 Rxd1+ 20. Kxd1 Ra8 21. Nxb7 Qxb7 22. Qb4+ Qxb4 23. Rxb4 Rb8 24. Rxb8 Nxb8 25. c4 e5 0-1

[Event "December 12 Late 2023"]
[Site "https://www.chess.com"]
[Date "2023.12.12"]
[Round "1"]
[White "Spata, German"]
[Black "Guimaraes, Wagner Peixoto"]
[Result "1-0"]
[Board "113"]
[TimeControl "180+1"]
[WhiteFideId "113026"]
[BlackFideId "2100940"]
[WhiteElo "2620"]
[BlackElo "2280"]
[WhiteTeam "ARG"]
[BlackTeam "BRA"]
[WhiteClock "0:00:22"]
[BlackClock "0:00:08"]

1. Nf3 Nf6 2. b3 e6 3. Bb2 b6 4. e3 Bb7 5. Be2 Be7 6. O-O O-O 7. c4 c5 8. Nc3 d5 9. cxd5 Nxd5 10. d3 Nc6 11. a3 Bf6 12. Rc1 Nxc3 13. Bxc3 Bxc3 14. Rxc3 Qf6 15. Rc2 Rfd8 16. Qb1 Rac8 17. b4 Ne7 18. bxc5 Bxf3 19. Bxf3 Rxc5 20. Rxc5 bxc5 21. Qb7 g6 22. Qxa7 Rxd3 23. Qxc5 Rc3 24. Qb4 Nd5 25. Bxd5 exd5 26. a4 Rc2 27. Qb3 Qc6 28. a5 Rc1 29. Qb8+ Kg7 30. Qb2+ Rc3 31. a6 Kh6 32. a7 Rc4 33. Ra1 Qa8 34. g3 Rc7 35. Qb6 Rb7 36. Qxb7 1-0

[Event "December 12 Late 2023"]
[Site "https://www.chess.com"]
[Date "2023.12.12"]
[Round "1"]
[White "Lopez Del Alamo, Antonio"]
[Black "Boyer, Mahel"]
[Result "0-1"]
[Board "114"]
[TimeControl "180+1"]
[WhiteFideId "2227339"]
[BlackFideId "45102422"]
[WhiteElo "2275"]
[BlackElo "2619"]
[WhiteTeam "ESP"]
[BlackTeam "FRA"]
[WhiteClock "0:00:00"]
[BlackClock "0:00:03"]

1. e4 Nc6 2. Nc3 d5 3. Nxd5 f5 4. d3 Nf6 5. Nxf6+ exf6 6. Nf3 fxe4 7. dxe4 Qxd1+ 8. Kxd1 Bg4 9. Be2 O-O-O+ 10. Bd2 Bc5 11. Rf1 Rhe8 12. h3 Bh5 13. g4 Bg6 14. Bd3 Bxe4 15. Bxe4 Rxe4 16. Re1 Rxe1+ 17. Kxe1 Nd4 18. Nxd4 Bxd4 19. c3 Bxf2+ 20. Ke2 Bg3 21. Rf1 Be5 22. h4 b6 23. h5 Kd7 24. g5 Ke6 25. Rg1 fxg5 26. Bxg5 Rd5 27. Be3 Rb5 28. b3 Bxc3 29. h6 gxh6 30. Rh1 h5 31. Kd3 Bf6 32. Kc4 Re5 33. Kd3 h4 34. Bf4 Ra5 35. a4 Kf5 36. Bxc7 Rd5+ 37. Ke2 Rc5 38. Bb8 Rc2+ 39. Kd3 Rc3+ 40. Kd2 Rxb3 41. Bxa7 h3 42. Kc2 Ra3 43. Bxb6 Be5 44. a5 h2 45. Kd2 Ra1 46. Rxh2 Bxh2 0-1

[Event "December 12 Late 2023"]
[Site "https://www.chess.com"]
[Date "2023.12.12"]
[Round "1"]
[White "Olsen, Filip Boe"]
[Black "Mejia, Cherry Ann"]
[Result "1-0"]
[Board "115"]
[TimeControl "180+1"]
[WhiteFideId "1440640"]
[BlackFideId "5206880"]
[WhiteElo "2613"]
[BlackElo "2267"]
[WhiteTeam "DEN"]
[BlackTeam "PHI"]
[WhiteClock "0:00:25"]
[BlackClock "0:00:00"]

1. c4 e5 2. d3 Nc6 3. Nf3 g6 4. g3 Bg7 5. Bg2 d6 6. O-O Be6 7. Nc3 h6 8. Rb1 Qd7 9. Nd5 Nd8 10. b4 c6 11. Nc3 Ne7 12. b5 O-O 13. bxc6 bxc6 14. Qc2 Kh7 15. Bb2 f5 16. Nd1 g5 17. c5 Nf7 18. cxd6 Qxd6 19. Ne3 Ng6 20. Nc4 Qd7 21. Rfc1 Bd5 22. Ne3 g4 23. Nd2 Bxg2 24. Nxg2 Rac8 25. Ba3 Rfd8 26. Qb3 Ng5 27. Qb7 Rc7 28. Qb4 Nh3+ 29. Kf1 Bf8 30. Qb3 Qd4 31. Ne3 Nxf2 32. Nc2 Qd7 33. Kxf2 f4 34. Ne4 fxg3+ 35. hxg3 Qf5+ 36. Kg2 Bxa3 37. Qxa3 Rf7 38. Rf1 Qe6 39. Ne3 Rdf8 40. Rxf7+ Rxf7 41. Rh1 Nf4+ 42. gxf4 exf4 43. Ng5+ 1-0

[Event "December 12 Late 2023"]
[Site "https://www.chess.com"]
[Date "2023.12.12"]
[Round "1"]
[White "Minina, Veronika"]
[Black "Ambartsumova, Karina"]
[Result "0-1"]
[Board "116"]
[TimeControl "180+1"]
[WhiteFideId "4174780"]
[BlackFideId "4166299"]
[WhiteElo "2259"]
[BlackElo "2612"]
[WhiteTeam "RUS"]
[BlackTeam "RUS"]
[WhiteClock "0:00:02"]
[BlackClock "0:01:45"]

1. Nf3 Nf6 2. g3 g6 3. Bg2 Bg7 4. c4 O-O 5. O-O d6 6. d4 c6 7. Nc3 Bf5 8. Re1 Ne4 9. Qb3 Nxc3 10. bxc3 Qc8 11. e4 Be6 12. d5 Bd7 13. Bg5 Re8 14. Rac1 Na6 15. e5 Nc5 16. Qd1 cxd5 17. cxd5 dxe5 18. Nxe5 Bxe5 19. Rxe5 f6 20. Rxe7 Rxe7 21. Bxf6 Rf7 22. Qd4 Qf8 23. Be5 Re8 24. d6 Rxe5 25. Qxe5 Nd3 0-1

[Event "December 12 Late 2023"]
[Site "https://www.chess.com"]
[Date "2023.12.12"]
[Round "1"]
[White "Crevatin, Leo"]
[Black "Golubenko, Valentina"]
[Result "1-0"]
[Board "117"]
[TimeControl "180+1"]
[WhiteFideId "1726307"]
[BlackFideId "4501993"]
[WhiteElo "2611"]
[BlackElo "2259"]
[WhiteTeam "SWE"]
[BlackTeam "CRO"]
[WhiteClock "0:01:11"]
[BlackClock "0:00:07"]

1. e4 e6 2. d4 d5 3. e5 c5 4. c3 Nc6 5. Nf3 a6 6. Be2 cxd4 7. cxd4 Nge7 8. Na3 Nf5 9. Nc2 Be7 10. O-O O-O 11. Rb1 b5 12. h3 Bd7 13. Bf4 Rc8 14. Qd2 Na5 15. b3 Nc6 16. Ne3 Nxe3 17. Bxe3 f5 18. exf6 Bxf6 19. Rbc1 Qe7 20. Rfe1 Qb4 21. Qb2 Qd6 22. Red1 e5 23. Rxc6 Qxc6 24. dxe5 Be7 25. Nd4 Qc3 26. Qxc3 Rxc3 27. Bf3 Kh8 28. Bxd5 Bc5 29. e6 Bc8 30. b4 Bxb4 31. Nc6 Bd6 32. e7 Re8 33. Bf7 Rxe7 34. Rxd6 Bd7 35. Nxe7 1-0

[Event "December 12 Late 2023"]
[Site "https://www.chess.com"]
[Date "2023.12.12"]
[Round "1"]
[White "Dong, Kyle Qiyu"]
[Black "Rojas Alarcon, Julian Antonio"]
[Result "0-1"]
[Board "118"]
[TimeControl "180+1"]
[WhiteFideId "30977380"]
[BlackFideId "5107407"]
[WhiteElo "2257"]
[BlackElo "2607"]
[WhiteTeam "USA"]
[BlackTeam "MEX"]
[WhiteClock "0:00:02"]
[BlackClock "0:00:14"]

1. e4 e5 2. Nf3 Nc6 3. c3 Nf6 4. d4 exd4 5. e5 Ne4 6. cxd4 d5 7. Nbd2 Bb4 8. Bd3 Bg4 9. Qb3 Bxf3 10. gxf3 Nxd2 11. Bxd2 Bxd2+ 12. Kxd2 Nxd4 13. Qa4+ Nc6 14. f4 O-O 15. Rhg1 Qh4 16. Rae1 Qxf2+ 17. Kc1 a5 18. a3 Rfb8 19. f5 b5 20. Qg4 Qc5+ 21. Kb1 Qf8 22. f6 g6 23. e6 b4 24. e7 Qh6 25. a4 Qd2 26. Qd7 Qxd3+ 27. Ka1 Nxe7 28. fxe7 Re8 29. Rgf1 b3 30. Rd1 Qc4 31. Rc1 Qb4 32. Rfe1 Rab8 33. h4 c6 34. Qxc6 Rxe7 35. Rxe7 Qxe7 36. Qxd5 Qxh4 37. Qc6 h5 38. Rd1 Qb4 39. Qd7 Rf8 40. Qc6 Qg4 41. Qb5 Qxd1# 0-1

[Event "December 12 Late 2023"]
[Site "https://www.chess.com"]
[Date "2023.12.12"]
[Round "1"]
[White "Olenik Campa, Rudi"]
[Black "Boder, Jan"]
[Result "1-0"]
[Board "119"]
[TimeControl "180+1"]
[WhiteFideId "14633264"]
[BlackFideId "16243226"]
[WhiteElo "2598"]
[BlackElo "2255"]
[WhiteTeam "SLO"]
[BlackTeam "GER"]
[WhiteClock "0:00:39"]
[BlackClock "0:00:07"]

1. e4 e5 2. Nf3 Nc6 3. Bb5 a6 4. Ba4 Nf6 5. O-O Be7 6. Re1 b5 7. Bb3 O-O 8. d4 Nxd4 9. Nxd4 exd4 10. e5 Ne8 11. Qxd4 c5 12. Qe4 Rb8 13. c4 Bb7 14. Qg4 d6 15. e6 Nf6 16. Qf5 b4 17. Bg5 Bc8 18. exf7+ Rxf7 19. Qd3 Bb7 20. Nd2 Ng4 21. Bxe7 Rxe7 22. Bc2 g6 23. Ne4 Bxe4 24. Rxe4 Ne5 25. Qd5+ Kg7 26. Rae1 Rbb7 27. f4 Nf7 28. f5 Rxe4 29. Rxe4 Re7 30. fxg6 hxg6 31. Rg4 Ne5 32. Rg3 Rf7 33. h3 Qf6 34. Kh2 Re7 35. Qe4 Re6 36. a3 a5 37. axb4 axb4 38. b3 Nf7 39. Qd3 Ne5 40. Qe4 Qf7 41. h4 Rf6 42. h5 Rf4 43. hxg6 Qf6 44. Qb7+ Kg8 45. Qh7+ Kf8 46. g7+ Ke7 47. g8=Q+ Nf7 48. Re3+ 1-0

[Event "December 12 Late 2023"]
[Site "https://www.chess.com"]
[Date "2023.12.12"]
[Round "1"]
[White "Osmonbekov, Talaibek"]
[Black "Shubenkova, Veronika"]
[Result "1-0"]
[Board "120"]
[TimeControl "180+1"]
[WhiteFideId "2017253"]
[BlackFideId "44124040"]
[WhiteElo "2253"]
[BlackElo "2594"]
[WhiteTeam "USA"]
[BlackTeam "RUS"]
[WhiteClock "0:01:34"]
[BlackClock "0:01:43"]

1. d4 d5 2. Nc3 e6 3. Bf4 Bd6 4. e3 f5 5. Nf3 Nf6 6. Ne5 Qe7 7. Be2 O-O 8. O-O c6 9. a3 Nbd7 10. b4 Ne4 11. Nxe4 fxe4 12. c4 a6 13. c5 Bb8 14. f3 Nxe5 15. dxe5 exf3 16. Rxf3 Bd7 17. Bd3 Be8 18. Qc2 h6 19. Raf1 Bh5 20. Bg5 hxg5 21. Rxf8+ Qxf8 22. Bh7+ 1-0

[Event "December 12 Late 2023"]
[Site "https://www.chess.com"]
[Date "2023.12.12"]
[Round "1"]
[White "Grinev, Valeriy"]
[Black "youngdinousaur"]
[Result "1-0"]
[Board "121"]
[TimeControl "180+1"]
[WhiteFideId "14117517"]
[WhiteElo "2594"]
[BlackElo "2251"]
[WhiteTeam "UKR"]
[WhiteClock "0:00:37"]
[BlackClock "0:00:17"]

1. d4 Nf6 2. c4 e6 3. Nc3 Bb4 4. e3 d5 5. a3 Bxc3+ 6. bxc3 O-O 7. Bd3 c5 8. cxd5 exd5 9. Ne2 Nc6 10. O-O Re8 11. Ng3 c4 12. Bb1 b5 13. Ra2 a5 14. f3 Bb7 15. e4 Qb6 16. Kh1 b4 17. e5 Nd7 18. f4 bxc3 19. Be3 Nf8 20. Bg1 Bc8 21. f5 Rb8 22. Nh5 Qb3 23. Qg4 Ng6 24. Raf2 Qxb1 25. Rxb1 Rxb1 26. Qg5 Nxd4 27. fxg6 hxg6 28. Qf4 Nf5 29. Ng3 Nxg3+ 30. hxg3 Bf5 31. g4 Be6 32. Qd4 Reb8 33. Qxc3 R8b3 34. Qxa5 Ra1 35. Rf3 Rbb1 36. Qd8+ Kh7 37. Rh3# 1-0

[Event "December 12 Late 2023"]
[Site "https://www.chess.com"]
[Date "2023.12.12"]
[Round "1"]
[White "Cooper, Aaron"]
[Black "Perea Fruet, Lorenzo"]
[Result "1-0"]
[Board "122"]
[TimeControl "180+1"]
[WhiteFideId "2634945"]
[BlackFideId "24595870"]
[WhiteElo "2249"]
[BlackElo "2589"]
[WhiteTeam "CAN"]
[BlackTeam "ESP"]
[WhiteClock "0:00:17"]
[BlackClock "0:00:00"]

1. d4 b6 2. e4 Bb7 3. Nc3 e6 4. Nf3 Bb4 5. Bd3 Nf6 6. Qe2 d5 7. e5 Ne4 8. Bd2 Bxc3 9. bxc3 c5 10. O-O Nxd2 11. Qxd2 Ba6 12. a4 Bxd3 13. cxd3 Nc6 14. Qf4 O-O 15. h4 f6 16. Qg4 Qd7 17. exf6 Rxf6 18. Rfe1 Raf8 19. a5 Nxa5 20. dxc5 Nb3 21. c6 Qxc6 22. Rxa7 Rg6 23. Ng5 Nc5 24. h5 Rgf6 25. Nxe6 R8f7 26. Rxf7 Rxf7 27. Nd4 Rf8 28. Nxc6 1-0

[Event "December 12 Late 2023"]
[Site "https://www.chess.com"]
[Date "2023.12.12"]
[Round "1"]
[White "Kavyev, Ruslan"]
[Black "Gao, Raymond"]
[Result "1-0"]
[Board "123"]
[TimeControl "180+1"]
[WhiteFideId "34110981"]
[BlackFideId "2629429"]
[WhiteElo "2589"]
[BlackElo "2241"]
[WhiteTeam "RUS"]
[BlackTeam "CAN"]
[WhiteClock "0:02:04"]
[BlackClock "0:00:48"]

1. e4 c5 2. Nf3 Nc6 3. d4 cxd4 4. Nxd4 g6 5. Nc3 Bg7 6. Be3 Nf6 7. Nxc6 bxc6 8. e5 Ng8 9. Bd4 Nh6 10. e6 f6 11. exd7+ Bxd7 12. Bc4 Nf5 13. O-O Nxd4 14. Qxd4 Qb6 15. Qd2 O-O-O 16. Qe2 e5 17. Ne4 Bf5 18. b4 Kb8 19. Nc5 Bf8 20. Rab1 Ka8 21. Ba6 Be7 22. a4 Rd4 23. a5 Qd8 24. Bb7+ Kb8 25. Bxc6 Kc7 26. Qa6 Qd6 27. Qxa7+ Kxc6 28. Qb7# 1-0

[Event "December 12 Late 2023"]
[Site "https://www.chess.com"]
[Date "2023.12.12"]
[Round "1"]
[White "Awoki, Daniel Teidi"]
[Black "Taboas Rodriguez, Daniel"]
[Result "1-0"]
[Board "124"]
[TimeControl "180+1"]
[WhiteFideId "2100827"]
[BlackFideId "2208466"]
[WhiteElo "2236"]
[BlackElo "2586"]
[WhiteTeam "BRA"]
[BlackTeam "ESP"]
[WhiteClock "0:00:14"]
[BlackClock "0:00:25"]

1. e4 e5 2. Nf3 Nc6 3. Bc4 Bc5 4. O-O Nf6 5. d3 d6 6. c3 a6 7. Bb3 Ba7 8. Re1 Be6 9. Bc2 O-O 10. h3 h6 11. Nbd2 Ne7 12. Nf1 Ng6 13. Ng3 Qd7 14. Be3 Bxh3 15. Bxa7 Rxa7 16. gxh3 Qxh3 17. Re3 Ng4 18. Qf1 Qxf1+ 19. Nxf1 Nxe3 20. Nxe3 Nf4 21. Ng2 Nxg2 22. Kxg2 f5 23. exf5 Rxf5 24. d4 Rf4 25. dxe5 dxe5 26. Nxe5 Rf6 27. Rd1 Rd6 28. Bb3+ Kf8 29. Rxd6 cxd6 30. Nc4 Ke7 31. Nb6 Kd8 32. a4 a5 33. Bc4 Kc7 34. Nd5+ Kc6 35. Kf3 Ra8 36. Ke4 Re8+ 37. Kd4 Kd7 38. Bb5+ Kd8 39. Bxe8 Kxe8 40. b4 Kd7 41. bxa5 Kc6 42. Nb4+ Kd7 43. a6 bxa6 44. Nxa6 h5 45. Nb4 g5 46. a5 h4 47. Ke4 g4 48. Kf4 h3 49. Kg3 Kc7 50. f3 gxf3 51. Kxh3 d5 52. Kg3 Kd6 53. Kxf3 Kc5 54. a6 Kb6 55. Ke3 Ka7 56. Kd4 Kb6 57. Kxd5 Ka7 58. Kc6 Ka8 59. Kb6 Kb8 60. Nd5 Ka8 61. Nc7+ Kb8 62. a7+ Kc8 63. a8=Q+ Kd7 64. Qd5+ Ke7 65. Qe6+ Kf8 66. Qd7 Kg8 67. Ne6 Kh8 68. Qg7# 1-0

[Event "December 12 Late 2023"]
[Site "https://www.chess.com"]
[Date "2023.12.12"]
[Round "1"]
[White "Fernandez Hernandez, Gerardo"]
[Black "Mendez Fortes, Eduardo Jesus"]
[Result "0-1"]
[Board "126"]
[TimeControl "180+1"]
[WhiteFideId "2207400"]
[BlackFideId "3502376"]
[WhiteElo "2227"]
[BlackElo "2582"]
[WhiteTeam "ESP"]
[BlackTeam "CUB"]
[WhiteClock "0:01:11"]
[BlackClock "0:01:26"]

1. e4 c5 2. d3 Nc6 3. g3 g6 4. Bg2 Bg7 5. f4 d6 6. Nf3 e6 7. O-O Nge7 8. c3 O-O 9. Be3 b6 10. d4 cxd4 11. cxd4 d5 12. e5 Ba6 13. Re1 Rc8 14. Bf1 Bxf1 15. Rxf1 Na5 16. b3 Qc7 17. Na3 Qc3 18. Qd2 Nf5 19. Bf2 Qxf3 20. Nb5 a6 21. Nd6 Nxd6 22. exd6 Qc3 23. Qxc3 Rxc3 24. Be1 Rc6 25. Bxa5 bxa5 26. Rfd1 Rxd6 27. Rac1 Rb6 28. Rc7 Rb4 29. Rc6 a4 30. Rxa6 axb3 31. a3 Rb7 32. Kf2 b2 33. Rb1 Rc8 0-1

[Event "December 12 Late 2023"]
[Site "https://www.chess.com"]
[Date "2023.12.12"]
[Round "1"]
[White "Khater, Sherif"]
[Black "De Souza, Cristiano Gomes"]
[Result "1/2-1/2"]
[Board "127"]
[TimeControl "180+1"]
[WhiteFideId "2034280"]
[BlackFideId "2151758"]
[WhiteElo "2581"]
[BlackElo "2226"]
[WhiteTeam "USA"]
[BlackTeam "BRA"]
[WhiteClock "0:01:36"]
[BlackClock "0:02:01"]

1. Nf3 Nf6 2. b3 g6 3. Bb2 Bg7 4. e3 O-O 5. Be2 c5 6. O-O Nc6 7. Ne5 Nxe5 8. Bxe5 d6 9. Bb2 Bd7 10. Bf3 Qc7 11. Nc3 Bc6 12. Bxc6 Qxc6 13. Qf3 Qxf3 14. gxf3 a6 15. Kg2 b5 16. Rab1 b4 17. Ne4 Nxe4 18. fxe4 Bxb2 19. Rxb2 f5 20. exf5 Rxf5 21. f4 Raf8 22. c3 a5 23. cxb4 axb4 24. d3 e5 25. Rbf2 exf4 26. exf4 g5 27. Kg3 Kg7 28. Kg4 Kg6 29. Kg3 h5 30. h3 d5 31. Rf3 Rxf4 32. Rxf4 Rxf4 33. Rxf4 gxf4+ 34. Kxf4 Kf6 35. h4 d4 36. Ke4 Ke6 37. Kf4 Kf6 38. Ke4 Ke6 39. Kf4 Kf6 1/2-1/2

[Event "December 12 Late 2023"]
[Site "https://www.chess.com"]
[Date "2023.12.12"]
[Round "1"]
[White "CarlMagnuson"]
[Black "Laddha, Shubh Jayesh"]
[Result "0-1"]
[Board "128"]
[TimeControl "180+1"]
[BlackFideId "30942799"]
[WhiteElo "2225"]
[BlackElo "2578"]
[BlackTeam "USA"]
[WhiteClock "0:00:17"]
[BlackClock "0:00:31"]

1. e4 d6 2. d4 Nf6 3. Bd3 c6 4. f4 Qb6 5. Nf3 Bg4 6. c3 Nbd7 7. Qe2 e5 8. Be3 Qc7 9. Nbd2 Be7 10. O-O O-O 11. h3 Bxf3 12. Nxf3 Rfe8 13. f5 Bf8 14. Qf2 exd4 15. Bxd4 Nxe4 16. Qh4 Ndf6 17. Rae1 c5 18. Be3 d5 19. Bf4 Qb6 20. Kh1 Qxb2 21. Ng5 Qxc3 22. Bb5 h6 23. Nxe4 Rxe4 24. Rxe4 Nxe4 25. Qg4 Nf6 26. Qd1 c4 27. Re1 a6 28. Be5 Qb4 29. Ba4 Ne4 30. Rf1 Rd8 31. Bc2 Qe7 32. Qd4 Qc5 33. Qd1 Nf2+ 34. Rxf2 Qxf2 0-1

[Event "December 12 Late 2023"]
[Site "https://www.chess.com"]
[Date "2023.12.12"]
[Round "1"]
[White "Sivakumar, Shaaketh"]
[Black "Wang, Alexander J"]
[Result "1-0"]
[Board "131"]
[TimeControl "180+1"]
[WhiteFideId "30940176"]
[BlackFideId "30955270"]
[WhiteElo "2567"]
[BlackElo "2217"]
[WhiteTeam "USA"]
[BlackTeam "USA"]
[WhiteClock "0:00:40"]
[BlackClock "0:00:03"]

1. c4 e6 2. Nf3 d5 3. g3 Nf6 4. Bg2 c5 5. O-O d4 6. e3 Nc6 7. b4 e5 8. b5 Nb4 9. Nxe5 Bd6 10. exd4 cxd4 11. Nf3 O-O 12. d3 Bf5 13. Ne1 Qa5 14. a3 Bg4 15. Qb3 Be2 16. Bd2 Bxf1 17. Bxf1 a6 18. Bxb4 Bxb4 19. Qxb4 Qxb4 20. axb4 axb5 21. Rxa8 Rxa8 22. Nc2 bxc4 23. dxc4 Ra2 24. Bd3 Rb2 25. Nd2 Nd7 26. Nf3 Rb1+ 27. Kg2 Rd1 28. Be2 Rc1 29. Nfxd4 Ne5 30. c5 Nc6 31. Nxc6 bxc6 32. Nd4 Rb1 33. Nxc6 Rb2 1-0

[Event "December 12 Late 2023"]
[Site "https://www.chess.com"]
[Date "2023.12.12"]
[Round "1"]
[White "Clarke, Matthew"]
[Black "Liang, Justin"]
[Result "1-0"]
[Board "132"]
[TimeControl "180+1"]
[WhiteFideId "3227804"]
[BlackFideId "2099942"]
[WhiteElo "2214"]
[BlackElo "2566"]
[WhiteTeam "AUS"]
[BlackTeam "USA"]
[WhiteClock "0:00:10"]
[BlackClock "0:00:04"]

1. d4 Nf6 2. c4 e6 3. g3 d5 4. Bg2 Bb4+ 5. Bd2 Be7 6. Nf3 O-O 7. O-O c6 8. b3 Ne4 9. Nc3 f5 10. Qc2 Nd7 11. h4 h6 12. Rfd1 Bf6 13. b4 a6 14. Be1 g5 15. hxg5 hxg5 16. a4 Rf7 17. e3 Rh7 18. b5 Qf8 19. Nxe4 fxe4 20. Nh2 Be7 21. bxc6 bxc6 22. cxd5 cxd5 23. Qc6 Rb8 24. Qxe6+ Qf7 25. Bh3 Nf6 26. Qxf7+ Kxf7 27. Bxc8 Rxc8 28. Rdc1 Rhh8 29. Rab1 Rc4 30. Rxc4 dxc4 31. Rb7 Ke6 32. Rb6+ Kf5 33. Rc6 Rc8 34. Rxc8 Nd5 35. Rxc4 Bd6 36. g4+ Ke6 37. Rc6 Kd7 38. Rxa6 Nc7 39. Rxd6+ Kxd6 40. a5 Kc6 41. Nf1 Kb5 42. Ng3 Nd5 43. Nxe4 1-0

[Event "December 12 Late 2023"]
[Site "https://www.chess.com"]
[Date "2023.12.12"]
[Round "1"]
[White "Janaszak, Dawid"]
[Black "Floresvillar Gonzalez, Luis Migu"]
[Result "1-0"]
[Board "133"]
[TimeControl "180+1"]
[WhiteFideId "1119206"]
[BlackFideId "5100542"]
[WhiteElo "2565"]
[BlackElo "2212"]
[WhiteTeam "POL"]
[BlackTeam "MEX"]
[WhiteClock "0:01:53"]
[BlackClock "0:01:41"]

1. e4 c6 2. d4 d5 3. exd5 cxd5 4. Bd3 Nc6 5. c3 Qc7 6. Ne2 Bg4 7. O-O Bxe2 8. Qxe2 Nf6 9. Nd2 e6 10. f4 g6 11. Nf3 Bg7 12. Ne5 a6 13. Bd2 b5 14. a4 b4 15. Bxa6 Nxe5 16. fxe5 Ne4 17. Bb5+ Kf8 18. cxb4 Nxd2 19. Qxd2 h5 20. Rac1 Qb6 21. Rc6 Qa7 22. Ra6 Qb8 23. Rxa8 Qxa8 24. Qf4 Qa7 25. Rc1 Bh6 26. Rc8+ Kg7 27. Qf6+ 1-0

[Event "December 12 Late 2023"]
[Site "https://www.chess.com"]
[Date "2023.12.12"]
[Round "1"]
[White "Curtis, John"]
[Black "Espinoza Villanueva, Rodrigo"]
[Result "0-1"]
[Board "134"]
[TimeControl "180+1"]
[WhiteFideId "3200256"]
[BlackFideId "5140188"]
[WhiteElo "2204"]
[BlackElo "2564"]
[WhiteTeam "AUS"]
[BlackTeam "MEX"]
[WhiteClock "0:00:13"]
[BlackClock "0:00:44"]

1. e4 c5 2. Nf3 Nc6 3. d4 cxd4 4. Nxd4 Nf6 5. Nc3 d6 6. Be2 e5 7. Nb3 Be6 8. O-O Be7 9. Kh1 h5 10. Bg5 a5 11. Bxf6 Bxf6 12. Bb5 Rc8 13. Nd5 Bg5 14. Qe1 O-O 15. c3 h4 16. Qe2 Bxd5 17. exd5 Ne7 18. a4 f5 19. Qh5 Nxd5 20. Rad1 Nf4 21. Qf3 Qe7 22. g3 e4 23. Qe3 Nh3 24. Qd4 Rcd8 25. Nxa5 d5 26. Qb6 f4 27. Qxb7 Qe6 28. Nc6 Qg4 29. Nd4 hxg3 30. fxg3 fxg3 31. Rxf8+ Rxf8 32. Qxd5+ Kh8 33. Rg1 Nxg1 34. Kxg1 gxh2+ 35. Kxh2 Rf2+ 36. Kh1 Qg2# 0-1

[Event "December 12 Late 2023"]
[Site "https://www.chess.com"]
[Date "2023.12.12"]
[Round "1"]
[White "Play, Gilles"]
[Black "Bullen, Alex"]
[Result "0-1"]
[Board "135"]
[TimeControl "180+1"]
[WhiteFideId "45130892"]
[BlackFideId "1801627"]
[WhiteElo "2561"]
[BlackElo "2202"]
[WhiteTeam "FRA"]
[BlackTeam "WLS"]
[WhiteClock "0:00:42"]
[BlackClock "0:01:10"]

1. e4 c5 2. c3 Qa5 3. Na3 a6 4. d4 cxd4 5. Nc4 Qc7 6. cxd4 b5 7. Ne3 Bb7 8. Bd3 Nf6 9. d5 e6 10. dxe6 dxe6 11. f3 Bb4+ 12. Bd2 Bxd2+ 13. Qxd2 O-O 14. Ne2 Rd8 15. O-O Nbd7 16. Rac1 Qb6 17. a3 Ne5 18. Rc3 Bxe4 19. fxe4 Nxe4 20. Qc1 Nxd3 21. Rxd3 Rxd3 22. Rf3 Rad8 23. Kh1 Rxe3 24. Rxe3 Rd1+ 25. Qxd1 Nf2+ 26. Kg1 Nxd1 27. Kf1 Nxe3+ 28. Ke1 Nxg2+ 29. Kd1 Nh4 30. Nc3 Nf3 31. Ke2 Nxh2 32. Kd3 a5 33. Ke4 b4 34. axb4 axb4 35. Ne2 f6 36. Nd4 Qb7+ 37. Kd3 Ng4 38. Ne2 Qd5+ 39. Kc2 Qe4+ 40. Kd2 Ne5 41. b3 Nc4+ 42. bxc4 Qxc4 43. Nc1 Qxc1+ 44. Ke2 e5 45. Kf3 Qc3+ 46. Ke4 Qd4+ 47. Kf5 Qf4+ 48. Ke6 Qg4+ 49. Ke7 e4 50. Ke8 Qc8+ 51. Ke7 Qd7+ 52. Kxd7 e3 53. Ke6 b3 54. Kf5 b2 55. Kf4 e2 56. Kf5 e1=N 57. Kf4 b1=N 58. Kf5 Kf7 59. Kf4 g6 60. Ke3 h6 61. Ke2 h5 62. Kxe1 g5 63. Kf2 Kg6 64. Kg3 Nd2 65. Kf2 Nf1 66. Kxf1 f5 67. Kg2 Kf6 68. Kg3 Ke5 69. Kf3 Ke6 70. Ke3 Kf6 71. Kf3 Kg7 72. Ke3 Kh6 73. Kf3 h4 74. Kg2 Kg6 75. Kh3 Kf6 76. Kg2 Ke6 77. Kh3 Kd6 78. Kg2 Kc6 79. Kh3 Kb6 80. Kg2 Ka6 81. Kh3 Ka7 82. Kg2 Kb7 83. Kh3 Kc7 84. Kg2 Kd7 85. Kh3 Ke7 86. Kg2 Kf7 87. Kh3 Kg7 88. Kg2 Kh7 89. Kh3 Kh8 90. Kg2 Kg8 91. Kh3 Kf8 92. Kg2 Ke8 93. Kh3 Kd8 94. Kg2 Kc8 95. Kh3 Kb8 96. Kg2 Ka8 97. Kh3 Kb7 98. Kg2 g4 99. Kf2 Kc6 100. Ke3 Kd6 101. Kf4 Ke6 102. Kg5 Ke5 103. Kxh4 Kf4 104. Kh5 g3 105. Kh4 g2 106. Kh3 g1=R 107. Kh2 Rg8 108. Kh3 Rg7 109. Kh2 Kf3 110. Kh1 f4 111. Kh2 Rg8 112. Kh1 Kf2 113. Kh2 Rh8# 0-1